 Dungeon Crawl Stone Soup version 0.31-a0-971-g75a2e9a4b4 (webtiles) character file.

Game seed: 17612619488273647032

591 demibob the Poker (level 7, -31/40 HPs)
             Began as a Deep Elf Chaos Knight on Oct 28, 2023.
             Was a Plaything of Xom.
             Killed by an exploding jackal (36 damage)
             ... ignited by their inner flame
             ... on level 4 of the Dungeon.
             The game lasted 00:05:02 (2800 turns).

demibob the Poker (Deep Elf Chaos Knight)           Turns: 2800, Time: 00:05:02

Health: -31/40     AC:  6    Str:  9    XL:     7   Next: 16%
Magic:  9/9        EV: 11    Int: 19    God:    Xom [.....*]
Gold:   180        SH:  0    Dex: 10    Spells: 6/6 levels left

rFire   . . .        a - +1 spear (chaos)
rCold   + + .        (no shield)
rNeg    . . .        b - +3 leather armour
rPois   .            (no helmet)
rElec   .            (no cloak)
rCorr   .            (no gloves)
SInv    .            (no boots)
Will    .....        e - amulet of regeneration
Stlth   +            C - ring of protection from cold
HPRegen 1.06/turn    (no ring)
MPRegen 0.11/turn

%: no passive effects
@: lethally poisoned (-31 -> -32), about to teleport, hasted, very quick
A: clumsy 2, cold resistance 1, screaming 1
a: Renounce Religion


You were on level 4 of the Dungeon.
You worshipped Xom.
You were Xom's teddy bear.
You visited 1 branch of the dungeon, and saw 4 of its levels.

You collected 180 gold pieces.


Innate Abilities, Weirdness & Mutations

You are very clumsy. (Dex -4)
Your flesh is cold resistant. (rC+)
You occasionally shout uncontrollably at your foes.


   Skills:
 - Level 2.4 Fighting
 + Level 6.3 Polearms
 - Level 0.7 Armour
 - Level 2.4 Dodging


You had 6 spell levels left.
You didn't know any spells.
Your spell library was empty.

Inventory:

Hand Weapons
 a - a +1 spear of chaos (weapon)
Missiles
 h - a throwing net {=f}
Armour
 b - a +3 leather armour (worn)
Jewellery
 e - an amulet of regeneration (around neck)
 C - a ring of protection from cold (left hand)
Scrolls
 g - a scroll of identify {@r1}
 i - a scroll of blinking
 l - a scroll of teleportation {@r2}
Potions
 d - 2 potions of attraction
 k - a potion of brilliance

Dungeon Overview and Level Annotations

Branches:
Dungeon (4/15)
 Temple: D:4-7

Altars:
Makhleb

Annotations:
D:3 1 runed translucent door, osoart's ghost, amateur DgSh

##o..<....... ...
#..o.....#o#.)...
#.##....#..#... #
##..##.o#.. #
#...#...# ##..
#...##.##
.....##)...ogg###
......†...ghl...#
..#......g§§@S..#
##......§○§o......
###...###§.......
...... #....o...
###..............
..##..#####.>..
... ..# .... #...
..# ...


You could see an iguana (inner flame), 3 gnolls, an adder (inner flame), 6 orcs,
a jackal (inner flame) and a hobgoblin (inner flame).


Message History

Okay, then.
You aren't carrying any items that you can evoke.
You closely miss the jackal. The jackal barely misses you.
The jackal bites you but does no damage.
The ball python closely misses you. The ball python grabs you.
The ball python constricts you. The adder bites you.
* * * LOW HITPOINT WARNING * * *
You are poisoned.
The adder poisons you!
You hit the jackal.
Flame seeps out of the jackal.
The jackal seems to slow down.
The jackal is almost dead.
You feel sick.
The jackal bites you but does no damage.
An orc comes into view. It is wielding a +0 club.
The gnoll hits you from afar with a +0 halberd!
* * * LOW HITPOINT WARNING * * *
The iguana barely misses you. The ball python bites you.
* * * LOW HITPOINT WARNING * * *
The ball python constricts you.
* * * LOW HITPOINT WARNING * * *
The jackal is engulfed in blazing flames.
The jackal explodes!
The fiery explosion engulfs the orc!!!
The fiery explosion engulfs the jackal!!
The fiery explosion engulfs the ball python!!
The fiery explosion engulfs you!!!
Ouch! That really hurt!
You die...
Xom chuckles heartily!

Skill      XL: |  1  2  3  4  5  6 |
---------------+-------------------+-----
Polearms       | 3 4 5 6 |  6.3
Fighting       | |  2.4
Armour         | |  0.7
Dodging        | |  2.4

Action                     |  1- 3 |  4- 6 |  7- 9 || total
---------------------------+-------+-------+-------++-------
  Melee: Spear             |   149 |   153 |    14 ||   316
         Punch             |     2 |     1 |       ||     3
         Kick              |       |     4 |       ||     4
    Use: Scroll            |     6 |    11 |     2 ||    19
         Potion            |       |     5 |     1 ||     6
   Stab: Sleeping          |     1 |     2 |       ||     3
         Confused          |     1 |       |       ||     1
 Armour: Leather armour    |    61 |    52 |    22 ||   135
  Dodge: Dodged            |    69 |    42 |    19 ||   130

Levels and vault maps discovered:
D:1:      saegor_arrival_fortress, layout_basic
D:2:      layout_loops_corners, dk_noncrumbling_2
D:3:      cheibrodos_old_hovel, layout_loops_cross, bloody_makhleb,
          gammafunk_ghost_grave, ebering_ecumenical_altar_rust, uniq_sigmund,
          uniq_grinder
D:4:      layout_cave_pools, elyvilon_altar_5, uniq_duvessa, uniq_blork_the_orc

Notes
Turn   | Place    | Note
-------+----------+-------------------------------------------
     0 | D:1      | demibob the Deep Elf Chaos Knight began the quest for the
                  | Orb.
     0 | D:1      | Reached XP level 1. HP: 13/13 MP: 3/3
   103 | D:1      | XOM: divination: detect creatures
   164 | D:1      | Reached XP level 2. HP: 13/18 MP: 4/4
   386 | D:1      | XOM: divination: detect items
   421 | D:1      | Reached skill level 3 in Polearms
   423 | D:1      | XOM: 1-stop teleportation journey
   462 | D:1      | Reached XP level 3. HP: 22/22 MP: 5/5
   831 | D:2      | XOM: stealth player
  1132 | D:2      | Reached XP level 4. HP: 27/27 MP: 6/6
  1701 | D:2      | XOM: chaos upgrade
  1890 | D:3      | Reached skill level 4 in Polearms
  1977 | D:3      | Noticed Grinder
  1984 | D:3      | Reached XP level 5. HP: 29/31 MP: 7/7
  1991 | D:3      | Killed Grinder
  1992 | D:3      | Reached skill level 5 in Polearms
  1992 | D:3      | Reached XP level 6. HP: 33/36 MP: 8/8
  1999 | D:3      | Noticed osoart's ghost (amateur DgSh)
  2000 | D:3      | Found a runed translucent door.
  2304 | D:3      | Noticed Sigmund
  2305 | D:3      | Gained mutation: You are clumsy. (Dex -2) [potion of
                  | mutation]
  2305 | D:3      | Gained mutation: You have large cloven feet. [potion of
                  | mutation]
  2305 | D:3      | Gained mutation: Potions are less effective at restoring
                  | your health. [potion of mutation]
  2314 | D:3      | XOM: cast spell 'Summon Ice Beast'
  2316 | D:3      | Killed Sigmund
  2317 | D:3      | Reached skill level 6 in Polearms
  2317 | D:3      | Lost mutation: Potions are less effective at restoring your
                  | health. [potion of mutation]
  2317 | D:3      | Lost mutation: You have large cloven feet. [potion of
                  | mutation]
  2317 | D:3      | Lost mutation: You are clumsy. (Dex -2) [potion of
                  | mutation]
  2317 | D:3      | Gained mutation: You are clumsy. (Dex -2) [potion of
                  | mutation]
  2317 | D:3      | Gained mutation: You occasionally shout uncontrollably at
                  | your foes. [potion of mutation]
  2317 | D:3      | Gained mutation: You are very clumsy. (Dex -4) [potion of
                  | mutation]
  2317 | D:3      | Gained mutation: Your flesh is cold resistant. (rC+)
                  | [potion of mutation]
  2498 | D:3      | Found a faded altar of an unknown god.
  2509 | D:3      | Found a burning altar of Makhleb.
  2566 | D:3      | XOM: divination: magic mapping
  2746 | D:4      | Noticed Blork the orc
  2751 | D:4      | XOM: enchant monster (bad)
  2759 | D:4      | Noticed Blork
  2760 | D:4      | Killed Blork the jelly
  2761 | D:4      | Reached XP level 7. HP: 23/40 MP: 9/9
  2761 | D:4      | Noticed Dowan
  2770 | D:4      | Killed Dowan
  2800 | D:4      | Killed by an exploding jackal... ignited by their inner
                  | flame

Vanquished Creatures
  Grinder (D:3)
  Sigmund (D:3)
  Dowan (D:4)
  A jelly (D:4)
  5 adders
  3 gnolls (D:3)
  3 worms
  3 dart slugs
  An orc (D:4)
  3 endoplasms
  3 giant cockroaches
  4 goblins
  14 hobgoblins
  4 jackals
  5 kobolds
  3 quokkas
  5 ball pythons
  9 bats
  4 frilled lizards
  7 rats
80 creatures vanquished.

Table legend: (Time is in decaauts)
 A = Elapsed time spent in this place.
 B = Non-inter-level travel time spent in this place.
 C = Inter-level travel time spent in this place.
 D = Time resting spent in this place.
 E = Time spent auto-exploring this place.
 F = Levels seen in this place.
 G = Mean time per level.
                   A        B        C        D        E       F      G
               +--------+--------+--------+--------+--------+-----+--------+
         Total |   2754 |   2670 |     84 |    100 |   2034 |   4 |  688.5 |
       Dungeon |   2754 |   2670 |     84 |    100 |   2034 |   4 |  688.5 |
               +--------+--------+--------+--------+--------+-----+--------+

Top non-repeatable levels by time:
     D:2: 1042 daAuts
     D:3: 848 daAuts
     D:1: 827 daAuts
     D:4: 36 daAuts

Table legend:
 A = Non-vault XP
 B = Vault XP
 C = Vault XP percentage of total XP
 D = Non-vault monster count
 E = Vault monster count
 F = Vault count percentage of total count
                 A         B        C        D         E       F
            +---------+---------+-------+---------+---------+-------
      Total |     228 |     625 |  73.3 |      75 |       5 |   6.2
            +---------+---------+-------+---------+---------+-------
        D:1 |      47 |       0 |   0.0 |      26 |       0 |   0.0
        D:2 |      90 |       0 |   0.0 |      27 |       0 |   0.0
        D:3 |      79 |     516 |  86.7 |      16 |       3 |  15.8
        D:4 |      12 |     109 |  90.1 |       6 |       2 |  25.0
            +---------+---------+-------+---------+---------+-------
